 Dungeon Crawl Stone Soup version 0.26.0-3-g156281e41b (webtiles) character file.

Game seed: 11434852109461449464

30 dolemite99 the Caller (level 3, 0/25 HPs)
             Began as a Gnoll Summoner on Jan 10, 2021.
             Slain by a gnoll
             ... wielding a +0 whip
              (4 damage)
             ... on level 2 of the Dungeon.
             The game lasted 00:02:17 (1610 turns).

dolemite99 the Caller (Gnoll Summoner)              Turns: 1610, Time: 00:02:18

Health: 0/25       AC:  3    Str: 10    XL:     3   Next: 20%
Magic:  2/9        EV: 14    Int: 18    God:
Gold:   19         SH:  0    Dex: 15    Spells: 9/12 levels left

rFire    . . .     SeeInvis .   h - -2 short sword (curse)
rCold    . . .     Faith    .   (no shield)
rNeg     . . .     Spirit   .   d - +0 leather armour
rPois    .         Reflect  .   (no helmet)
rElec    .         Harm     .   (no cloak)
rCorr    .         Rampage  .   (no gloves)
Will     .....                  (no boots)
Stlth    ++........             (no amulet)
HPRegen  0.08/turn              (no ring)
MPRegen  0.11/turn              (no ring)

@: no status effects
A: distributed training, fangs 1, strong nose
a: no special abilities


You were on level 2 of the Dungeon.
You visited 1 branch of the dungeon, and saw 2 of its levels.

You collected 19 gold pieces.

Inventory:

Hand Weapons
 b - a +0 club
 h - a cursed -2 short sword (weapon)
 l - a +0 hunting sling
 n - a +0 whip
Missiles
 e - 19 arrows
 g - 7 atropa-tipped darts
 j - 31 stones
Armour
 a - a +0 robe
 d - a +0 leather armour (worn)
Scrolls
 c - a scroll of magic mapping
 f - 2 scrolls of teleportation
 k - a scroll of identify {@r1}
 m - a scroll of enchant weapon


   Skills:
 + Level 0.6 Fighting
 + Level 0.6 Short Blades
 + Level 0.6 Long Blades
 + Level 0.6 Axes
 + Level 0.6 Maces & Flails
 + Level 0.6 Polearms
 + Level 0.6 Staves
 + Level 0.6 Slings
 + Level 0.6 Bows
 + Level 0.6 Crossbows
 + Level 0.6 Throwing
 + Level 0.6 Armour
 + Level 4.5 Dodging
 + Level 4.1 Stealth
 + Level 0.6 Shields
 + Level 0.6 Unarmed Combat
 + Level 5.0 Spellcasting
 + Level 0.4 Conjurations
 + Level 0.4 Hexes
 + Level 7.1 Summonings
 + Level 0.4 Necromancy
 + Level 0.4 Translocations
 + Level 0.4 Transmutations
 + Level 0.4 Fire Magic
 + Level 0.4 Ice Magic
 + Level 0.4 Air Magic
 + Level 0.4 Earth Magic
 + Level 0.4 Poison Magic
 + Level 0.8 Invocations
 + Level 0.6 Evocations


You had 9 spell levels left.
You knew the following spells:

 Your Spells              Type           Power        Failure   Level
a - Summon Small Mammal   Summ           100%         1%          1
b - Call Imp              Summ           30%          1%          2

Your spell library contained the following spells:

 Spells                   Type           Power        Failure   Level
 Call Canine Familiar     Summ           30%          3%          3
 Summon Guardian Golem    Hex/Summ       18%          12%         3
 Summon Ice Beast         Ice/Summ       18%          36%         4
 Summon Lightning Spire   Summ/Air       18%          36%         4


Dungeon Overview and Level Annotations

Branches:
Dungeon (2/15)

Altars:
Nemelex Xobeh


Innate Abilities, Weirdness & Mutations

Your experience applies equally to all skills.
You have very sharp teeth.
Your uncanny sense of smell can sniff out nearby items.


Message History

Your crimson imp blinks!
Your crimson imp completely misses the quokka.
The gnoll hits you with a +0 whip.
Your iron imp disappears in a puff of smoke!
The quokka bites you but does no damage.
Your white imp gestures at the quokka.
The puff of frost hits the quokka.
The quokka dies!
Casting: Call Imp (safe; 1% risk of failure)
Confirm with . or Enter, or press ? or * to list all spells.
A beastly little devil appears in a puff of flame.
Your crimson imp blinks!
The gnoll hits you with a +0 whip!
Your crimson imp disappears in a puff of smoke!
The gnoll hits you with a +0 whip!
* * * LOW HITPOINT WARNING * * *
You swap places.
Your crimson imp hits the gnoll but does no damage.
The gnoll hits you with a +0 whip.
You die...

***,,,,.....,,,**.**#.*.*,*...*
*,,,,......,,##.,*$,*).**,..***
*,,,,......**..#*.,*,**,#.,,,,,
***,,,,......#*.##.#**,*,..#.####
,,,,,,,......§#.,#.#..,##.##...).
,,,,,,,....#!..##...###..##..####
,,,,***..........###.#..#....#
***** *..#####.†.[.#.#.##.#..#
*,,* ##.@..#..##.....# *,,*
#5g55..........# *,,*
#..#.#....#....**** *,,*
##.#.....##,,,.,,,, * *,,*
#.#.#.#.#*,,*,***, * *,,*
#.#.#<#.##..,,,,*, *
*,,#######............,*,*, *
*,,#........######....,*,*, *
*,,#.######.#≈≈≈≈#....,*,,,


You could see a gnoll, 2 friendly crimson imps and a friendly white imp
(summoned).

Vanquished Creatures
  A dart slug (D:1)
  A giant cockroach (D:1)
  A hobgoblin (D:2)
  A ball python (D:1)
  2 frilled lizards
  2 rats
8 creatures vanquished.

Vanquished Creatures (collateral kills)
  An adder (D:2)
  A dart slug (D:1)
  A leopard gecko (D:2)
  A ball python (D:2)
  2 giant cockroaches (D:1)
  2 goblins
  2 hobgoblins (D:1)
  4 kobolds
  A quokka (D:2)
  A bat (D:1)
  6 rats
22 creatures vanquished.

Grand Total: 30 creatures vanquished

Notes
Turn   | Place    | Note
-------+----------+-------------------------------------------
     0 | D:1      | dolemite99 the Gnoll Summoner began the quest for the Orb.
     0 | D:1      | Reached XP level 1. HP: 13/13 MP: 6/6
   468 | D:1      | Reached XP level 2. HP: 19/19 MP: 5/7
   486 | D:1      | Learned a level 2 spell: Call Imp
  1339 | D:2      | Reached skill level 5 in Spellcasting
  1339 | D:2      | Reached XP level 3. HP: 21/25 MP: 5/9
  1551 | D:2      | Found a sparkling altar of Nemelex Xobeh.
  1610 | D:2      | Slain by a gnoll

Illustrated notes

Levels and vault maps discovered:
D:1:      lightli_arrival_flooded_house, layout_loops_corners, st_stairs_14,
          serial_bayou_pond_d, minmay_misc_feat_ornament
D:2:      minmay_chambers_of_ones, layout_basic, general_overflow_altar,
          nicolae_overflow_quartered_altars, lemuel_round_altar,
          minmay_pentomino_pile, uniq_crazy_yiuf_cottage

Skill      XL: |  1  2 |
---------------+-------+-----
Spellcasting   | 5 |  5.0
Fighting       | |  0.6
Short Blades   | |  0.6
Long Blades    | |  0.6
Axes           | |  0.6
Maces & Flails | |  0.6
Polearms       | |  0.6
Staves         | |  0.6
Slings         | |  0.6
Bows           | |  0.6
Crossbows      | |  0.6
Throwing       | |  0.6
Armour         | |  0.6
Dodging        | |  4.5
Stealth        | |  4.1
Shields        | |  0.6
Unarmed Combat | |  0.6
Conjurations   | |  0.4
Hexes          | |  0.4
Summonings     | |  7.1
Necromancy     | |  0.4
Translocations | |  0.4
Transmutations | |  0.4
Fire Magic     | |  0.4
Ice Magic      | |  0.4
Air Magic      | |  0.4
Earth Magic    | |  0.4
Poison Magic   | |  0.4
Invocations    | |  0.8
Evocations     | |  0.6

Action                   || total
-------------------------++-------
Melee: Short sword       ||    42
       Bite              ||     4
       Club              ||     1
 Cast: Summon Small Mamm ||    16
       Call Imp          ||    17
  Use: Scroll            ||     4
Armor: Leather armour    ||    20
Dodge: Dodged            ||    51
